 Dungeon Crawl Stone Soup version 0.19-a0-1072-g3763c35 (webtiles) character file.

105 Jmtri7 the Chopper (level 4, 39/39 HPs)
             Began as a Hill Orc Fighter on Aug 5, 2016.
             Quit the game on level 2 of the Dungeon.
             The game lasted 00:04:19 (1548 turns).

Jmtri7 the Chopper (Hill Orc Fighter)               Turns: 1548, Time: 00:04:20

Health: 39/39      AC: 12    Str: 19    XL:     4   Next: 81%
Magic:  4/4        EV:  3    Int:  8    God:
Gold:   122        SH:  9    Dex: 15    Spells: 0 memorised, 3 levels left

rFire  . . .     SeeInvis .     a - +0 war axe
rCold  . . .     Gourm    .     p - +0 plate armour
rNeg   . . .     Faith    .     c - +0 shield
rPois  .         Spirit   .     (no helmet)
rElec  .         Dismiss  .     (no cloak)
rCorr  .         Reflect  .     e - +0 pair of gloves
SustAt .         Harm     .     (no boots)
MR     .....                    (no amulet)
Stlth  ..........               (no ring)
                                j - +5 ring of dexterity

@:
A: no striking features
a: no special abilities


You were on level 2 of the Dungeon.
You were not hungry.

You visited 1 branch of the dungeon, and saw 2 of its levels.

You collected 122 gold pieces.

Inventory:

Hand Weapons
 a - a +0 war axe (weapon)
Armour
 c - a +0 shield (worn)
 e - a +0 pair of gloves (worn)
 p - a +0 plate armour (worn)
Jewellery
 j - a +5 ring of dexterity (left hand)
Scrolls
 b - 5 scrolls of identify {unknown}
 i - a scroll of teleportation {unknown}
 k - a scroll of enchant armour {unknown}
 l - a scroll of magic mapping {unknown}
 m - a scroll of fog {unknown}
 o - 2 scrolls of immolation {unknown}
 r - a scroll of blinking {unknown}
 u - a scroll of remove curse {unknown}
Potions
 d - 2 potions of might
 g - a potion of mutation {unknown}
 s - a potion of degeneration {unknown}
 t - 2 potions of resistance {unknown}
 v - a potion of curing {unknown}
 w - a potion of cancellation {unknown}
Comestibles
 f - 3 bread rations
 h - 3 meat rations
 n - 3 chunks of flesh
 q - a beef jerky


   Skills:
 - Level 3.6 Fighting
 + Level 6.4 Axes
 - Level 3.2 Armour
 - Level 3.2 Shields


You had 3 spell levels left.
You didn't know any spells.

Dungeon Overview and Level Annotations

Branches:
Dungeon (2/15)

Altars:


Message History

There is a stone staircase leading up here.
You see here 18 arrows.
w - a fizzy clear potion Some of the chunks of flesh in your inventory have rotted away.
You see here 18 arrows.
Some of the chunks of flesh in your inventory have rotted away.
A rat comes into view.
A rat is nearby!
A rat is nearby!
You block the rat's attack.
You hit the rat.
You kill the rat!
You see here a rat corpse.
You butcher the rat corpse.
n - 3 chunks of flesh (gained 1)
You see here a rat skeleton.
Done exploring.
Done exploring.
Done exploring.
Are you sure you want to abandon this character and quit the game? (Confirm with "yes".)

##..# #..##....#.##.#
# ##.# #.............#
#.#
#........#.########
#.#
##.#...#(...###...#
#.# #.##..#........#.#
#.# #..........###...#
#.# #.......#### ##.##
######.# #.......#####
#)# #......#
#.@.....#...###.#
#.####.#
#.......#.#.....#
#.####.#
#.......#...#####
#.##...# #.......##.##
#.##.#.#############.#
#.##.#......)# #.#
#.......####.# #.#
####.......#.# #.#
####.##.#.# #.#


There were no monsters in sight!

Vanquished Creatures
  6 adders (D:2)
  2 worms
  A dart slug (D:1)
  7 bats
  3 giant cockroaches
  4 goblins
  2 hobgoblins
  4 jackals (D:2)
  A quokka (D:2)
  A ball python (D:1)
  A giant newt (D:1)
  9 kobolds
  5 rats
46 creatures vanquished.

Notes
Turn   | Place    | Note
-------+----------+-------------------------------------------
     0 | D:1      | Jmtri7 the Hill Orc Fighter began the quest for the Orb.
     0 | D:1      | Reached XP level 1. HP: 19/19 MP: 1/1
    12 | D:1      | Reached skill level 3 in Axes
    93 | D:1      | Reached XP level 2. HP: 21/26 MP: 2/2
   301 | D:1      | Reached skill level 4 in Axes
   813 | D:1      | Reached XP level 3. HP: 30/31 MP: 3/3
   973 | D:2      | Found a faded altar of an unknown god.
  1040 | D:2      | Reached skill level 5 in Axes
  1047 | D:2      | Reached XP level 4. HP: 38/39 MP: 4/4
  1390 | D:2      | Reached skill level 6 in Axes
  1548 | D:2      | Quit the game

Vault maps used:
D:1:      evilmike_arrival_run_for_it, hex_medium, kennysheep_another_room
D:2:      first_bread, ecumenical_altar_1

Skill      XL: |  1  2  3  4 |
---------------+-------------+-----
Axes           | 3 4 5 6 |  6.4
Fighting       | |  3.6
Armour         | |  3.2
Shields        | |  3.2

Action                   |  1- 3 |  4- 6 || total
-------------------------+-------+-------++-------
Melee: War axe           |    98 |    33 ||   131
  Eat: Chunk             |       |     2 ||     2
Armor: Scale mail        |    16 |       ||    16
       Plate armour      |    50 |    29 ||    79
       Chain mail        |     2 |       ||     2
Dodge: Dodged            |    28 |       ||    28
Block: Shield            |    77 |    20 ||    97
